 Dungeon Crawl Stone Soup version 0.20.1-1-g8b1a95d (webtiles) character file.

95 ConnectionFaild the Shooter (level 4, -8/41 HPs)
             Began as a Centaur Hunter on Sept 8, 2017.
             Killed from afar by an orc wizard (13 damage)
             ... with a puff of flame
             ... on level 3 of the Dungeon.
             The game lasted 00:02:59 (1397 turns).

ConnectionFaild the Shooter (Centaur Hunter)        Turns: 1397, Time: 00:03:00

Health: -8/41      AC:  5    Str: 12 (15) XL:     4   Next: 40%
Magic:  4/4        EV:  9    Int:  9 (10) God:
Gold:   56         SH:  0    Dex:  7 (10) Spells: 3/3 levels left

rFire    . . .     SeeInvis .   b - +2 dagger (drain)
rCold    . . .     Gourm    .   (no shield)
rNeg     . . .     Faith    .   c - +0 leather armour
rPois    .         Spirit   .   (no helmet)
rElec    .         Reflect  .   (no cloak)
rCorr    .         Harm     +   n - +0 pair of gloves
MR       .....                  (no barding)
Stlth    ..........             k - amulet of harm
Regen    0.2/turn               (no ring)
MPRegen  0.1/turn               (no ring)

@: drained, very quick
A: hooves 3, deformed body, speed 2, tough skin 3
a: no special abilities


You were on level 3 of the Dungeon.
You were hungry.

You visited 1 branch of the dungeon, and saw 3 of its levels.

You collected 56 gold pieces.

Inventory:

Hand Weapons
 a - a +1 shortbow
 b - a +2 dagger of draining (weapon)
Missiles
 j - 32 arrows
Armour
 c - a +0 leather armour (worn)
 n - a +0 pair of gloves (worn)
Jewellery
 k - an amulet of harm (around neck)
Scrolls
 g - 2 scrolls of recharging {unknown}
 i - a scroll of teleportation {unknown}
 l - a scroll of remove curse
 m - a scroll of fear
 o - 2 scrolls of amnesia
 p - a scroll of magic mapping {unknown}
 r - a scroll of immolation {unknown}
Potions
 e - a potion of curing {unknown}
 q - a potion of mutation {unknown}
Books
 h - a book of Necromancy

   Spells                             Type                      Level
   a - Pain                           Necromancy                   1
   b - Animate Skeleton               Necromancy                   1
   c - Vampiric Draining              Necromancy                   3
   d - Regeneration                   Charms/Necromancy            3
   e - Animate Dead                   Necromancy                   4
   f - Control Undead                 Necromancy                   4
Comestibles
 f - 2 bread rations


   Skills:
 + Level 4.7(4.1) Fighting
 - Level 5.3(4.7) Bows
 - Level 1.3(0.8) Dodging
 - Level 0.4(0.0) Stealth


You had 3 spell levels left.
You didn't know any spells.

Dungeon Overview and Level Annotations

Branches:
Dungeon (3/15)

Altars:
Elyvilon


Innate Abilities, Weirdness & Mutations

You have hooves in place of feet.
Armour fits poorly on your strangely shaped body.
You cover ground very quickly.
You have extremely tough skin. (AC +3)


Message History

You hit the orc priest. You drain the orc priest!
You kill the orc priest!
You have reached level 4!
You feel stronger. The orc hits you.
* * * LOW HITPOINT WARNING * * *
You barely miss the orc. The orc hits you.
* * * LOW HITPOINT WARNING * * *
An orc wizard comes into view. It is wielding a dagger.
The orc wizard shouts!
You hit the orc but do no damage. You drain the orc! You kick the orc.
You kill the orc!
Things that are here:
a chain mail; an orc corpse It was a potion of degeneration.
There was something very wrong with that liquid.
You feel weakened.
You feel dopey.
You feel clumsy.
The orc wizard points at you and mumbles some strange words.
The puff of flame hits you!
You die...

#.#+#+## #.# #
##+#.†....# #.# #
#.........# #.#
#.........## #.#
#.##..........# ###
#.............# .. ##
#####'#.......# #.. .#
###.......# #.# .#
####..@....########+#..
.
+....#†#+####.(.......#
. ######o# #..........
# ... #......÷... #
#.## #...÷.<.... # #.#
...........#.. #
###+#+#############. #
#........#...........
#........#.##########


You could see an orc wizard.

Vanquished Creatures
  An orc priest (D:3)
  3 adders (D:3)
  A worm (D:3)
  A dart slug (D:1)
  A leopard gecko (D:3)
  An orc (D:3)
  3 giant cockroaches
  6 hobgoblins
  A quokka (D:2)
  6 bats
  6 frilled lizards
  3 goblins
  2 kobolds
  A rat (D:2)
36 creatures vanquished.

Notes
Turn   | Place    | Note
-------+----------+-------------------------------------------
     0 | D:1      | ConnectionFaild the Centaur Hunter began the quest for the Orb.
     0 | D:1      | Reached XP level 1. HP: 17/17 MP: 1/1
   313 | D:2      | Reached XP level 2. HP: 25/25 MP: 2/2
   852 | D:3      | Reached XP level 3. HP: 30/31 MP: 3/3
  1203 | D:3      | Found a white marble altar of Elyvilon.
  1393 | D:3      | Reached XP level 4. HP: 11/41 MP: 4/4
  1397 | D:3      | Killed from afar by an orc wizard

Skill      XL: |  1  2  3 |
---------------+----------+-----
Fighting       | 3 4 |  4.7
Bows           | |  5.3
Dodging        | |  1.3
Stealth        | |  0.4

Action                   |  1- 3 |  4- 6 || total
-------------------------+-------+-------++-------
Melee: Short sword       |    66 |       ||    66
       Kick              |    15 |     1 ||    16
       Dagger            |    48 |     2 ||    50
 Fire: Shortbow          |     1 |       ||     1
  Use: Scroll            |     3 |       ||     3
       Potion            |       |     1 ||     1
Armor: Leather armour    |    43 |       ||    43
Dodge: Dodged            |    50 |       ||    50
